 Seeded DCSS version 0.30-a0-368-g86fb4627a9 (webtiles) character file.

Game seed: 4866231847754521613 (custom seed)

112 purpskrrrp the Magician (level 4, 0/24 HPs)
             Began as a Deep Elf Conjurer on Nov 18, 2022.
             Slain by an orc
             ... wielding a +0 dagger
              (4 damage)
             ... on level 3 of the Dungeon.
             The game lasted 00:03:51 (2781 turns).

purpskrrrp the Magician (Deep Elf Conjurer)         Turns: 2781, Time: 00:03:52

Health: 0/24       AC:  6    Str:  4    XL:     4   Next: 63%
Magic:  9/13       EV: 12    Int: 25    God:
Gold:   189        SH:  0    Dex: 13    Spells: 11/14 levels left

rFire   x . .      SeeInvis +    (no weapon)
rCold   + . .      Faith    .    (no shield)
rNeg    . . .      Spirit   .    a - +0 robe
rPois   .          Reflect  .    (no helmet)
rElec   .          Harm     .    (no cloak)
rCorr   .          Rampage  .    l - +3 pair of gauntlets of War {Slay+5}
Will    +....                    (no boots)
Stlth   ++........               p - amulet of Hiomadwa {RegenMP Will+}
HPRegen 0.24/turn                j - ring of see invisible
MPRegen 0.53/turn                i - ring of ice

@: no status effects
A: no striking features
a: no special abilities


You were on level 3 of the Dungeon.
You visited 1 branch of the dungeon, and saw 3 of its levels.

You collected 189 gold pieces.

Inventory:

Armour
 a - a +0 robe (worn)
 l - the +3 pair of gauntlets of War (worn) {Slay+5}
   (You acquired it on level 1 of the Dungeon)

   Slay:      It affects your accuracy & damage with ranged weapons and melee
   (+5).
Jewellery
 i - a ring of ice (right hand)
 j - a ring of see invisible (left hand)
 p - the amulet of Hiomadwa (around neck) {RegenMP Will+}
   (You acquired it on level 2 of the Dungeon)

   [amulet of magic regeneration]

   It increases your rate of magic regeneration.
   Will:      It increases your willpower.
Wands
 q - a wand of flame (15)
Scrolls
 e - 2 scrolls of enchant armour {unknown}
 f - 3 scrolls of teleportation {unknown}
 g - 6 scrolls of identify {unknown}
 h - 2 scrolls of magic mapping {unknown}
 m - a scroll of poison {unknown}
 n - a scroll of noise {unknown}
 s - a scroll of brand weapon {unknown}
 t - a scroll of amnesia {unknown}
 u - a scroll of torment {unknown}
Potions
 b - a potion of magic
 c - 3 potions of mutation {unknown}
 d - 2 potions of degeneration {unknown}
 k - 3 potions of lignification {unknown}
 o - a potion of attraction {unknown}
 r - a potion of curing {unknown}


   Skills:
 - Level 2.4 Dodging
 - Level 2.4 Stealth
 * Level 5.8 Spellcasting
 + Level 5.2 Conjurations


You had 11 spell levels left.
You knew the following spells:

 Your Spells              Type           Power      Damage    Failure   Level
a - Magic Dart            Conj           100%       1d8       1%          1
b - Searing Ray           Conj           66%        2d6       1%          2

Your spell library contained the following spells:

 Spells                   Type           Power      Damage    Failure   Level
 Dazzling Flash           Conj/Hex       40%        N/A       8%          3
 Fulminant Prism          Conj/Hex       10%        3d9       26%         4
 Iskenderun's Mystic Bla  Conj/Tloc      20%        2d6       26%         4


Dungeon Overview and Level Annotations

Branches:
Dungeon (3/15)

Altars:
Hepliaklqana


Message History

You are too injured to fight recklessly!
You are too injured to fight recklessly!
You are too injured to fight recklessly!
You are too injured to fight recklessly!
You are too injured to fight recklessly!
You are too injured to fight recklessly!
You are too injured to fight recklessly!
You are too injured to fight recklessly!
You are too injured to fight recklessly!
You are too injured to fight recklessly!
You are too injured to fight recklessly!
You are too injured to fight recklessly!
You are too injured to fight recklessly!
You are too injured to fight recklessly!
You are too injured to fight recklessly!
You are too injured to fight recklessly!
Aiming: Searing Ray (safe; 1% risk of failure)
Press: ? - help, Q - select action, (/) - cycle Shift-Dir - straight line, f - orc wizard
Aim: an orc wizard, wielding a +0 dagger and wearing a +1 robe of fire resistance (lightly wounded, 76% to hit)
The searing ray hits the orc wizard.
The orc wizard is moderately wounded. (Press . to maintain the ray.)
The orc wizard gestures wildly while chanting.
The orc wizard flickers and vanishes for a moment.
The orc barely misses you. x2
Restarting spell: Searing Ray (safe; 1% risk of failure)
Press: ? - help, Q - select action, (/) - cycle Shift-Dir - straight line, f/p - orc wizard
Aim: an orc wizard, wielding a +0 dagger and wearing a +1 robe of fire resistance (moderately wounded, slightly transparent, 76% to hit)
The searing ray hits the orc wizard.
The orc wizard is heavily wounded. (Press . to maintain the ray.)
The orc wizard misses you. The orc barely misses you. The orc misses you.
The searing ray hits the orc wizard.
The orc wizard is severely wounded.
The orc wizard hits you but does no damage.
The orc hits you but does no damage. The orc hits you with a +0 mace.
* * * LOW HITPOINT WARNING * * *
The searing ray misses the orc wizard.
The orc wizard closely misses you. The orc hits you but does no damage.
The orc hits you with a +0 dagger.
You die...

.########### ##8..8##..#
#. ...........#
+......'..# #.
############ #..##..#..#
#. ########..# #. #)$.
#...########. #..
#...#........
##+####'#####.†#########
#.....ooo..##..#
#......@...#...#
#####..##.)'..†#
#.############## #######
#.##..# #.....# #.##.##
#.###.# #.##.# #.#
#.###.##.# #.#
#.##..##.# #.#
#........#


You could see an orc wizard (invisible) and 2 orcs.

Vanquished Creatures
  An iguana (D:2)
  An adder (D:2)
  2 dart slugs (D:1)
  6 orcs (D:3)
  7 endoplasms
  A giant cockroach (D:3)
  5 goblins
  6 hobgoblins
  4 jackals (D:1)
  5 kobolds
  2 quokkas
  5 ball pythons
  10 bats
  A frilled lizard (D:1)
  7 rats
63 creatures vanquished.

Notes
Turn   | Place    | Note
-------+----------+-------------------------------------------
     0 | D:1      | purpskrrrp the Deep Elf Conjurer began the quest for the
                  | Orb.
     0 | D:1      | Reached XP level 1. HP: 10/10 MP: 6/6
   224 | D:1      | Reached XP level 2. HP: 15/15 MP: 6/8
   583 | D:1      | Reached XP level 3. HP: 19/19 MP: 5/10
  1078 | D:1      | Identified a scroll of acquirement
  1078 | D:1      | Acquired the +3 pair of gauntlets of War {Slay+5}
  1078 | D:1      | Found the +3 pair of gauntlets of War {Slay+5}
  1172 | D:2      | Reached skill level 5 in Spellcasting
  1172 | D:2      | Reached skill level 5 in Conjurations
  1276 | D:2      | Reached XP level 4. HP: 24/24 MP: 8/13
  1279 | D:2      | Learned a level 2 spell: Searing Ray
  2050 | D:2      | Acquired the amulet of Hiomadwa {RegenMP Will+}
  2102 | D:3      | Found a faded altar of an unknown god.
  2393 | D:3      | Found a hazy altar of Hepliaklqana.
  2781 | D:3      | Slain by an orc

Illustrated notes

Levels and vault maps discovered:
D:1:      dpeg_arrival_arbitrary_c, layout_basic
D:2:      layout_loops_ring, kennysheep_minor_cross
D:3:      minmay_chambers_of_twos, layout_loops_ring, overflow_temple_1_default,
          ebering_ecumenical_altar_petrified

Skill      XL: |  1  2  3 |
---------------+----------+-----
Spellcasting   | 4 5 |  5.8
Conjurations   | 5 |  5.2
Dodging        | |  2.4
Stealth        | |  2.4

Action                   |  1- 3 |  4- 6 || total
-------------------------+-------+-------++-------
Melee: Unarmed           |    38 |    16 ||    54
 Cast: Magic Dart        |    61 |       ||    61
       Searing Ray       |       |    25 ||    25
  Use: Scroll            |     1 |     1 ||     2
Armor: Robe              |    13 |     6 ||    19
Dodge: Dodged            |    22 |    18 ||    40

Table legend: (Time is in decaauts)
 A = Elapsed time spent in this place.
 B = Non-inter-level travel time spent in this place.
 C = Inter-level travel time spent in this place.
 D = Time resting spent in this place.
 E = Time spent auto-exploring this place.
 F = Levels seen in this place.
 G = Mean time per level.
                   A        B        C        D        E       F      G
               +--------+--------+--------+--------+--------+-----+--------+
         Total |   2779 |   2652 |    127 |      0 |   2353 |   3 |  926.3 |
       Dungeon |   2779 |   2652 |    127 |      0 |   2353 |   3 |  926.3 |
               +--------+--------+--------+--------+--------+-----+--------+

Top non-repeatable levels by time:
     D:1: 1113 daAuts
     D:2: 982 daAuts
     D:3: 683 daAuts
